 Dungeon Crawl Stone Soup version 0.23.2-40-g277498a (webtiles) character file.

Game seed: 12895708381226974775

1278 Fang the Skirmisher (level 8, -1/52 HPs)
             Began as a Gargoyle Berserker on Oct 23, 2019.
             Was a Priest of Trog.
             Splashed by Ijyb's acid (13 damage)
             ... on level 5 of the Dungeon.
             The game lasted 00:02:54 (4719 turns).

Fang the Skirmisher (Gargoyle Berserker)            Turns: 4719, Time: 00:02:55

Health: -1/52      AC: 14    Str: 22    XL:     8   Next: 54%
Magic:  8/8        EV:  5    Int:  9    God:    Trog [***...]
Gold:   218        SH:  0    Dex:  9    Spells: 7/7 levels left

rFire    . . .     SeeInvis .   a - +0 hand axe
rCold    . . .     Gourm    .   (no shield)
rNeg     + . .     Faith    .   b - +0 plate armour {rPois}
rPois    ∞         Spirit   .   (no helmet)
rElec    +         Reflect  .   (no cloak)
rCorr    .         Harm     .   (no gloves)
MR       .....                  (no boots)
Stlth    ..........             (no amulet)
HPRegen  0.17/turn              r - -3 ring of evasion (curse)
MPRegen  0.11/turn              (no ring)

@: corroded
A: negative energy resistance 1, electricity resistance, unbreathing,
petrification resistance, rot immunity, AC +5
a: Berserk, Trog's Hand, Renounce Religion


You were on level 5 of the Dungeon.
You worshipped Trog.
Trog was most pleased with you.
You were not hungry.

You visited 1 branch of the dungeon, and saw 5 of its levels.

You collected 218 gold pieces.

Inventory:

Hand Weapons
 a - a +0 hand axe (weapon)
Armour
 b - a +0 plate armour of poison resistance (worn)
Jewellery
 r - a cursed -3 ring of evasion (left hand)
 t - a +2 ring of protection {unknown}
Scrolls
 f - 4 scrolls of teleportation {unknown}
 h - 5 scrolls of identify {unknown}
 k - 3 scrolls of remove curse {unknown}
 l - a scroll of random uselessness {unknown}
 n - 3 scrolls of magic mapping {unknown}
 p - 2 scrolls of enchant weapon {unknown}
 q - a scroll of fear {unknown}
 s - a scroll of enchant armour {unknown}
Potions
 d - a potion of brilliance {unknown}
 e - 2 potions of lignification {unknown}
 g - 5 potions of curing {unknown}
 i - a potion of mutation {unknown}
 j - a potion of ambrosia {unknown}
 m - 2 potions of heal wounds {unknown}
 o - 2 potions of degeneration {unknown}
 u - a potion of flight {unknown}
Comestibles
 c - 6 rations
 v - 3 chunks of flesh


   Skills:
 + Level 6.4 Fighting
 + Level 5.3 Axes
 + Level 5.8 Armour
 + Level 4.4 Dodging


You had 7 spell levels left.
You didn't know any spells.
Your spell library was empty.

Dungeon Overview and Level Annotations

Branches:
Dungeon (5/15)
 Temple: D:4-7

Altars:
Elyvilon
Gozag
Nemelex Xobeh
Okawaru
Trog
Uskayaw
Wu Jian
The Shining One

Annotations:
D:5 Ijyb


Innate Abilities, Weirdness & Mutations

You are resistant to torment.
Your stone body is resilient. (AC +5)
You are immune to poison.
You resist negative energy. (rN+)
You are resistant to electric shocks. (rElec)
You can survive without breathing.
You are immune to petrification.
You are immune to rotting.


Message History

You barely miss the adder. The adder bites you but does no damage.
You closely miss the adder.
The adder bites you but does no damage. x2
You slash the adder!
The adder is almost dead.
The adder bites you but does no damage.
Ijyb zaps a wand.
The bolt of acid hits the adder!!
The adder is splashed with acid.
The adder dies!
The bolt of acid hits you!
You are splashed with acid!
Ijyb hits you but does no damage.
Found 22 bolts.
Your plate armour prevents you from hitting Ijyb.
Ijyb hits you but does no damage. x2
You closely miss Ijyb. Ijyb hits you but does no damage.
You hit Ijyb but do no damage. Ijyb hits you. Ijyb hits you but does no damage.
Your plate armour prevents you from hitting Ijyb.
Ijyb barely misses you. Ijyb hits you but does no damage.
You closely miss Ijyb.
Ijyb zaps a wand.
The bolt of acid hits you!
* * * LOW HITPOINT WARNING * * *
The acid corrodes you!
You are splashed with acid!
You die...

#.#.#.#.#. #.
#.#.#.#.#.#. #.#.
.#(#.#.#.#.#.#.#.#. ##
..#.#.#.#.#.#.#.#.#.#.##
÷#.#.#.#.#.#.#)#.#.#....
..#.#.#.#(#.#.#.#.#...
.#.#.#.#.#.#.#.#.#..
#.#.#.#.#.#.#.#.#g#
.#.#.#.#.#.#.#.#@#
#.#.#.#.#.#.#.#.#.#
.#.#.#†#.#.#.#.#.#..
#.#.#.#.#.#.#†#.#.#..≈
.#)#.#.#.#.#.#.#$#...≈.(
#...###...#.#....##..≈..
#.#(#.#...#.#.......♣≈♣.
#.#.).....# # ...#..♣≈≈
#.###.#..... ...##.♣


You could see Ijyb.

Vanquished Creatures
  Duvessa (D:5)
  Purgy (D:3)
  A phantom (D:4)
  3 ogres
  A big kobold (D:5)
  Dowan (D:5)
  4 wights (D:2)
  A crimson imp (D:5)
  A bullfrog zombie (D:5)
  Crazy Yiuf (D:2)
  A centaur skeleton (D:5)
  2 hounds
  An iguana (D:4)
  A worker ant (D:4)
  A hound skeleton (D:4)
  7 adders
  4 gnolls (D:4)
  An ooze (D:4)
  2 worms (D:3)
  A dart slug (D:1)
  2 leopard geckos
  7 orcs
  7 bats
  2 giant cockroaches
  5 goblins
  6 hobgoblins
  9 jackals
  3 frilled lizards
  11 kobolds
  A leopard gecko skeleton (D:4)
  A quokka zombie (D:5)
  3 rats
93 creatures vanquished.

Vanquished Creatures (others)
  An adder (D:5)
1 creature vanquished.

Grand Total: 94 creatures vanquished

Notes
Turn   | Place    | Note
-------+----------+-------------------------------------------
     0 | D:1      | Fang the Gargoyle Berserker began the quest for the Orb.
     0 | D:1      | Reached XP level 1. HP: 14/14 MP: 1/1
    93 | D:1      | Reached XP level 2. HP: 16/19 MP: 2/2
   662 | D:2      | Noticed a wight
   662 | D:2      | Noticed a wight
   664 | D:2      | Noticed a wight
   669 | D:2      | Killed a wight
   669 | D:2      | Reached XP level 3. HP: 24/24 MP: 3/3
   669 | D:2      | Reached XP level 4. HP: 28/29 MP: 4/4
   676 | D:2      | Reached skill level 4 in Fighting
   679 | D:2      | Reached XP level 5. HP: 5/33 MP: 5/5
  1242 | D:2      | Found a hide-covered altar of Uskayaw.
  1307 | D:2      | Found a runed translucent door.
  1308 | D:2      | Noticed Crazy Yiuf
  1507 | D:2      | Found an iron altar of Okawaru.
  1572 | D:2      | Noticed an ogre
  1577 | D:2      | Killed an ogre
  1577 | D:2      | Reached XP level 6. HP: 39/39 MP: 6/6
  1935 | D:2      | Paralysed by Crazy Yiuf for 5 turns
  1942 | D:2      | Killed Crazy Yiuf
  1942 | D:2      | Reached ** piety under Trog
  2086 | D:3      | Found a white marble altar of Elyvilon.
  2113 | D:3      | Noticed Purgy
  2131 | D:3      | Killed Purgy
  2131 | D:3      | Reached skill level 5 in Fighting
  2376 | D:3      | Reached XP level 7. HP: 44/44 MP: 7/7
  2510 | D:3      | Found a glowing golden altar of the Shining One.
  2513 | D:3      | Found an opulent altar of Gozag.
  2517 | D:3      | Found a white marble altar of Elyvilon.
  2517 | D:3      | Found a bloodstained altar of Trog.
  2520 | D:3      | Found a sparkling altar of Nemelex Xobeh.
  2521 | D:3      | Found an ornate altar of the Wu Jian Council.
  3411 | D:4      | Reached skill level 5 in Armour
  3571 | D:4      | Reached XP level 8. HP: 27/51 MP: 8/8
  4144 | D:5      | Entered Level 5 of the Dungeon
  4201 | D:5      | Noticed Dowan
  4202 | D:5      | Noticed Duvessa
  4217 | D:5      | Reached *** piety under Trog
  4253 | D:5      | Killed Duvessa
  4253 | D:5      | Reached skill level 6 in Fighting
  4253 | D:5      | Reached skill level 5 in Axes
  4256 | D:5      | Killed Dowan
  4708 | D:5      | Noticed Ijyb
  4719 | D:5      | Splashed by Ijyb's acid

Skill      XL: |  1  2  3  4  5  6  7  8 |
---------------+-------------------------+-----
Axes           | 3 4 5 |  5.3
Armour         | 3 4 5 |  5.8
Dodging        | 2 3 4 |  4.4
Fighting       | 4 5 6 |  6.4

Action                   |  1- 3 |  4- 6 |  7- 9 || total
-------------------------+-------+-------+-------++-------
Melee: Hand axe          |    59 |   112 |   270 ||   441
Invok: Berserk           |     1 |     4 |     3 ||     8
  Eat: Chunk             |       |     6 |    11 ||    17
       Ration            |       |     1 |       ||     1
Armor: Animal skin       |    20 |    39 |    27 ||    86
       Plate armour      |       |       |   200 ||   200
Dodge: Dodged            |    35 |    78 |    85 ||   198
